 Dungeon Crawl Stone Soup version 0.21.1-1-g345015fe64 (webtiles) character file.

4606 Artool the Fighter (level 10, -1/73 HPs)
             Began as a Demonspawn Gladiator on June 21, 2018.
             Was a Believer of Hepliaklqana.
             Slain by an orc warrior
             ... wielding a +0 halberd
              (7 damage)
             ... on level 8 of the Dungeon.
             The game lasted 00:31:17 (9450 turns).

Artool the Fighter (Demonspawn Gladiator)           Turns: 9450, Time: 00:31:18

Health: -1/73      AC: 18    Str: 16    XL:     10   Next: 19%
Magic:  10/10      EV: 12    Int:  9    God:    Hepliaklqana [**....]
Gold:   0          SH:  0    Dex: 17    Spells: 9/9 levels left

rFire    + . .     SeeInvis .   b - +2 whip (elec)
rCold    + . .     Gourm    +   (no shield)
rNeg     . . .     Faith    .   M - +3 ring mail
rPois    .         Spirit   .   c - +0 helmet
rElec    .         Reflect  .   r - scarf {rC+ rF+}
rCorr    .         Harm     .   g - +0 pair of gloves
MR       +....                  (no boots)
Stlth    +.........             l - amulet of the gourmand
HPRegen  0.22/turn              h - ring of protection from magic
MPRegen  0.12/turn              p - +4 ring of protection

@: about to teleport
A: reduced essence, hooves 1, icy blue scales 1, powered by death 1, rot
immunity
a: Recall Ancestor, Ancestor Identity, Renounce Religion


You were on level 8 of the Dungeon.
You worshipped Hepliaklqana.
Hepliaklqana was pleased with you.
You were completely stuffed.

You visited 2 branches of the dungeon, and saw 9 of its levels.

Inventory:

Hand Weapons
 b - a +2 whip of electrocution (weapon)
 y - a +1 whip of electrocution
Missiles
 d - 4 throwing nets
 u - 10 tomahawks (quivered)
Armour
 c - a +0 helmet (worn)
 g - a +0 pair of gloves (worn)
 r - a scarf of resistance (worn)
 M - a +3 ring mail (worn)
Jewellery
 h - a ring of protection from magic (left hand)
 l - an amulet of the gourmand (around neck)
 p - a +4 ring of protection (right hand)
 w - a +2 ring of strength
 O - an uncursed amulet of faith {unknown}
Wands
 a - a wand of enslavement (38)
 z - a wand of disintegration (12)
 H - a wand of scattershot (2)
 L - a wand of paralysis (8)
Scrolls
 i - 3 scrolls of amnesia
 m - 4 scrolls of identify
 n - 3 scrolls of enchant weapon
 s - a scroll of noise {unknown}
 t - 2 scrolls of remove curse
 v - 3 scrolls of magic mapping
 x - a scroll of teleportation
 A - a scroll of holy word {unknown}
 E - 2 scrolls of immolation {unknown}
 G - 2 scrolls of fog {unknown}
 I - a scroll of blinking {unknown}
Potions
 e - 3 potions of curing {unknown}
 j - a potion of resistance {unknown}
 k - a potion of might {unknown}
 o - a potion of agility {unknown}
 q - 2 potions of flight {unknown}
 B - a potion of heal wounds {unknown}
 C - 2 potions of lignification {unknown}
 D - a potion of cancellation {unknown}
 F - a potion of berserk rage {unknown}
 J - a potion of mutation {unknown}
 K - a potion of haste
 P - a potion of invisibility {unknown}
 Q - a potion of degeneration {unknown}
Comestibles
 f - 17 rations
 R - 4 chunks of flesh


   Skills:
 * Level 8.9 Fighting
 * Level 8.4 Maces & Flails
 - Level 1.8 Throwing
 * Level 7.8 Armour
 - Level 2.8 Dodging


You had 9 spell levels left.
You didn't know any spells.

Dungeon Overview and Level Annotations

Branches:
Dungeon (8/15)             Temple (1/1) D:4
   Lair: D:8-11

Altars:
Ashenzari
Cheibriados
Elyvilon
Fedhas
Gozag
Hepliaklqana
Makhleb
Nemelex Xobeh
Okawaru
Qazlal
Ru
Sif Muna
Trog
Uskayaw
Vehumet
Wu Jian
Xom
Yredelemnul
Zin
The Shining One

Annotations:
D:8 Maurice


Innate Abilities, Weirdness & Mutations

You have large cloven feet.
You are partially covered in icy blue scales. (AC +2)
You regenerate a little health from kills.
You are immune to rotting.
Your life essence is reduced to manifest your ancestor. (-10% HP)


Message History

You hear a zap.
Oma is blasted.
Oma hits something with a dagger of draining.
You barely miss something. Your kick misses something.
You hear a zap.
You are blasted!
* * * LOW HITPOINT WARNING * * *
You miss something. You kick something.
As you read the scroll of teleportation, it crumbles to dust.
You feel strangely unstable. Something hits you but does no damage.
You swap places.
Something barely misses Oma.
Oma closely misses something.
The orc warrior barely misses you.
You closely miss the orc warrior.
You kick the orc warrior, but do no damage.
Something hits Oma.
Oma barely misses something.
You hit the orc warrior.
The orc warrior is lightly wounded.
Something hits Oma.
The orc warrior hits you with a halberd!
You die...

#.#..# #.# #.#..#
#.# #.#.(# #(#
..#..# #.# .....#
#.# ..#.## #.#
..#.# #{# ..#(# #R#
#>#.# #@# #.#.# #o#
#...############o##
..{.....)..oOo..O.#
#.#################
#.# #.# #.# #R#


You could see the friendly Oma the hexer, an orc warrior, an ogre and an orc.

Vanquished Creatures
  Pikel (D:5)
  The ghost of Brecoman the Cudgeler, a novice GrBe of Trog (D:5)
  2 hippogriffs
  Sigmund (D:3)
  An orc warrior (D:4)
  A phantom (D:6)
  An ice beast (D:8)
  3 ogres
  A centaur (D:5)
  7 bullfrogs
  2 gnoll sergeants
  3 scorpions
  2 wyvern skeletons
  2 crimson imps (D:5)
  A bullfrog zombie (D:6)
  2 hounds
  5 orc priests
  5 orc wizards
  A bullfrog skeleton (D:7)
  Jessica (D:3)
  A centaur skeleton (D:6)
  An iguana (D:8)
  Ijyb (D:5)
  A gnoll shaman (D:8)
  6 worker ants
  A howler monkey zombie (D:7)
  A worker ant zombie (D:5)
  15 gnolls
  6 adders
  2 shadow imps (D:6)
  5 oozes
  An adder skeleton (D:5)
  2 worms
  3 dart slugs
  3 leopard geckos
  13 orcs
  8 bats
  2 giant cockroaches
  3 goblins
  6 hobgoblins
  2 jackals (D:7)
  3 quokkas
  A ball python (D:2)
  4 frilled lizards
  12 kobolds
  A quokka skeleton (D:6)
  5 rats
152 creatures vanquished.

Vanquished Creatures (collateral kills)
  The ghost of cokecookie the Chopper, an amateur MiBe of Trog (D:3)
  A sky beast (D:5)
  2 bullfrogs
  A scorpion (D:4)
  A bullfrog zombie (D:5)
  2 orc wizards
  Crazy Yiuf (D:6)
  An iguana (D:5)
  A hound skeleton (D:6)
  A worker ant zombie (D:6)
  4 gnolls
  2 adders (D:7)
  A worm (D:3)
  2 jackals (D:6)
  A quokka skeleton (D:7)
22 creatures vanquished.

Vanquished Creatures (others)
  Grinder (D:5)
  2 slaves (D:5)
  A centaur (D:5)
  An orc wizard (D:5)
  A hexer (D:8)
  4 ancestors
  An orc (D:5)
  A frilled lizard (D:5)
12 creatures vanquished.

Grand Total: 186 creatures vanquished

Notes
Turn   | Place    | Note
-------+----------+-------------------------------------------
     0 | D:1      | Artool the Demonspawn Gladiator began the quest for the Orb.
     0 | D:1      | Reached XP level 1. HP: 16/16 MP: 1/1
   369 | D:1      | Gained mutation: You are partially covered in icy blue scales. (AC +2) [demonic ancestry]
   369 | D:1      | Reached XP level 2. HP: 19/22 MP: 2/2
   730 | D:1      | Reached skill level 1 in Armour
   819 | D:2      | Gained mutation: You have large cloven feet. [demonic ancestry]
   819 | D:2      | Reached XP level 3. HP: 21/28 MP: 3/3
  1042 | D:2      | Found an iron altar of Okawaru.
  1755 | D:3      | Reached XP level 4. HP: 25/34 MP: 4/4
  1938 | D:3      | Noticed Sigmund
  2054 | D:3      | Noticed cokecookie's ghost (amateur MiBe)
  2055 | D:3      | Noticed Jessica
  2457 | D:4      | Found a staircase to the Ecumenical Temple.
  2466 | Temple   | Entered the Ecumenical Temple
  2484 | Temple   | Became a worshipper of Hepliaklqana the Forgotten
  2785 | D:4      | Gained mutation: You are immune to rotting. [demonic ancestry]
  2785 | D:4      | Reached XP level 5. HP: 36/36 MP: 5/5
  2905 | D:4      | Found a snail-covered altar of Cheibriados.
  3044 | D:4      | Noticed an orc warrior
  3349 | D:3      | Reached XP level 6. HP: 39/43 MP: 6/6
  3878 | D:4      | Killed an orc warrior
  4107 | D:5      | Entered Level 5 of the Dungeon
  4131 | D:5      | Reached * piety under Hepliaklqana
  4197 | D:5      | Gained mutation: You regenerate a little health from kills. [demonic ancestry]
  4197 | D:5      | Reached XP level 7. HP: 39/49 MP: 7/7
  4242 | D:5      | Noticed Brecoman's ghost (novice GrBe)
  4327 | D:5      | Noticed Pikel
  4327 | D:5      | Noticed Grinder
  4650 | D:5      | Killed Pikel
  4650 | D:5      | Reached skill level 5 in Fighting
  4650 | D:5      | Reached skill level 5 in Maces & Flails
  4650 | D:5      | Reached XP level 8. HP: 19/57 MP: 8/8
  4657 | D:5      | Killed Grinder
  4672 | D:5      | Reached skill level 5 in Armour
  5120 | D:5      | Noticed Ijyb
  5128 | D:5      | Killed Ijyb
  5534 | D:5      | Killed Brecoman's ghost
  5759 | D:3      | Killed Sigmund
  5806 | D:3      | Found a radiant altar of Vehumet.
  5883 | D:3      | Killed Jessica
  5907 | D:3      | Killed cokecookie's ghost
  5907 | D:3      | Reached XP level 9. HP: 64/64 MP: 9/9
  6110 | D:3      | Found a shattered altar of Ashenzari.
  6110 | D:3      | Found a sparkling altar of Nemelex Xobeh.
  6830 | D:6      | Found a glowing silver altar of Zin.
  6830 | D:6      | Noticed an angel
  6886 | D:6      | Reached ** piety under Hepliaklqana
  7157 | D:7      | Remembered your ancestor Oma as a hexer
  7394 | D:6      | Found a runed door.
  7398 | D:6      | Noticed Crazy Yiuf
  7408 | D:6      | Killed Crazy Yiuf
  8852 | D:8      | Reached XP level 10. HP: 68/73 MP: 10/10
  9383 | D:8      | Noticed Maurice
  9399 | D:8      | Found a hide-covered altar of Uskayaw.
  9450 | D:8      | Slain by an orc warrior

Skill      XL: |  1  2  3  4  5  6  7  8  9 |
---------------+----------------------------+-----
Maces & Flails | 3 4 5 6 8 |  8.4
Armour         | 1 2 3 4 6 7 |  7.8
Fighting       | 3 4 5 7 8 |  8.9
Throwing       | |  1.8
Dodging        | |  2.8

Action                   |  1- 3 |  4- 6 |  7- 9 | 10-12 || total
-------------------------+-------+-------+-------+-------++-------
Melee: Flail             |    71 |       |       |       ||    71
       Whip              |    44 |   177 |   369 |    75 ||   665
       Kick              |    13 |    55 |   101 |    29 ||   198
Throw: Tomahawk          |       |     5 |     3 |       ||     8
       Throwing net      |       |     1 |       |       ||     1
Invok: Recall Ancestor   |       |       |     1 |       ||     1
       Ancestor Life: He |       |       |     1 |       ||     1
  Use: Scroll            |       |       |     6 |     2 ||     8
 Stab: Sleeping          |     1 |       |       |       ||     1
       Distracted        |       |     2 |     1 |     1 ||     4
       Confused          |       |       |     1 |       ||     1
  Eat: Chunk             |    12 |    11 |    14 |     3 ||    40
Armor: Leather armour    |    32 |    11 |       |       ||    43
       Ring mail         |       |    28 |       |    33 ||    61
       Scale mail        |       |    10 |   175 |       ||   185
Dodge: Dodged            |    88 |    84 |   142 |    32 ||   346
